 Dungeon Crawl Stone Soup version 0.21.1-1-g345015f (webtiles) character file.

368117 xccam the Slayer (level 21, -60/212 HPs)
             Began as a Minotaur Fighter on Feb 11, 2018.
             Was a High Priest of the Shining One.
             Killed from afar by a fire giant (87 damage)
             ... with a bolt of fire
             ... on level 4 of the Vaults.
             The game lasted 03:00:09 (45150 turns).

xccam the Slayer (Minotaur Fighter)                Turns: 45150, Time: 03:00:09

Health: -60/212    AC: 29    Str: 32    XL:     21   Next: 63%
Magic:  29/29      EV: 18    Int:  8    God:    the Shining One [*****.]
Gold:   3910       SH: 20    Dex: 14    Spells: 20/20 levels left

rFire    x . .     SeeInvis .   D - +9 morningstar
rCold    . . .     Gourm    .   k - +0 shield {rN+}
rNeg     + + +     Faith    .   l - +8 plate armour of the Bruised Seas {+Blink rElec rF- Dex-3}
rPois    +         Spirit   .   L - +0 hat {MR+}
rElec    +         Reflect  +   H - +0 cloak
rCorr    .         Harm     .   G - +0 pair of gloves {Dex+3}
MR       ++...                  S - +0 pair of boots
Stlth    ..........             z - +3 amulet of reflection
HPRegen  0.45/turn              P - ring "Beuw" {rElec rPois AC+2}
MPRegen  0.21/turn              g - ring "Zaocliwn" {Str+6 Stlth-}

@: marked, very slightly contaminated, slowed, glowing, very slow
A: retaliatory headbutt, horns 2, talons 1, clever 1
}: 2/15 runes: decaying, serpentine
a: Divine Shield, Cleansing Flame, Summon Divine Warrior, Renounce Religion,
Evoke Blink


You were on level 4 of the Vaults.
You worshipped the Shining One.
The Shining One was extremely pleased with you.
You were not hungry.

You visited 7 branches of the dungeon, and saw 38 of its levels.
You visited 1 bazaar.
You also visited: Labyrinth, Sewer, Ossuary, Wizlab and Desolation.

You collected 4910 gold pieces.
You spent 1000 gold pieces at shops.

Inventory:

Hand Weapons
 D - a +9 morningstar (weapon)
Armour
 k - a +0 shield of positive energy (worn)
 l - the +8 plate armour of the Bruised Seas (worn) {+Blink rElec rF- Dex-3}
   (You found it on level 1 of the Swamp)

   It affects your dexterity (-3).
   It makes you vulnerable to fire.
   It insulates you from electricity.
   It lets you blink.
 G - a +0 pair of gloves of dexterity (worn)
 H - a +0 cloak (worn)
 L - a +0 hat of magic resistance (worn)
 N - +7 fire dragon scales
 O - a +4 plate armour of magic resistance
 S - a +0 pair of boots (worn)
Jewellery
 a - an uncursed ring of protection from cold
 c - an uncursed ring of protection from magic
 g - the ring "Zaocliwn" (right hand) {Str+6 Stlth-}
   (You found it on level 10 of the Dungeon)

   [ring of loudness]

   It affects your strength (+6).
   It makes you less stealthy.
 j - the ring of Giboeps {rCorr rN+ SInv Stlth-}
   (You found it in the Desolation of Salt)

   [ring of resist corrosion]

   It protects you from negative energy.
   It lets you see invisible.
   It makes you less stealthy.
 u - the amulet "Coocw" {Spirit rElec Int+4 Dex+4 Slay-5}
   (You found it on level 3 of the Elven Halls)

   [amulet of guardian spirit]

   It causes incoming damage to be split between your health and magic.
   It affects your intelligence (+4).
   It affects your dexterity (+4).
   It affects your accuracy and damage with ranged weapons and melee attacks
   (-5).
   It insulates you from electricity.
 z - a +3 amulet of reflection (around neck)
 B - an uncursed amulet of rage
 P - the ring "Beuw" (left hand) {rElec rPois AC+2}
   (You found it on level 4 of the Snake Pit)

   [ring of protection]

   It affects your AC (+2).
   It insulates you from electricity.
   It protects you from poison.
 Y - an uncursed amulet of regeneration
 Z - an uncursed ring of positive energy
Wands
 d - a wand of polymorph (12)
 p - a wand of iceblast (30)
 v - a wand of flame (57)
 C - a wand of acid (79)
 I - a wand of digging (38)
Scrolls
 b - 11 scrolls of remove curse
 i - 3 scrolls of holy word
 n - 6 scrolls of fear
 o - 2 scrolls of magic mapping
 q - 3 scrolls of identify
 t - 7 scrolls of fog
 w - a scroll of blinking
 y - 22 scrolls of teleportation
 A - 4 scrolls of enchant weapon
Potions
 e - 3 potions of berserk rage
 m - a potion of cancellation
 r - 3 potions of invisibility
 s - 7 potions of flight
 x - 9 potions of haste
 F - 11 potions of curing
 Q - 4 potions of might
 V - 9 potions of heal wounds
Comestibles
 f - 55 rations


   Skills:
 * Level 23.5 Fighting
 - Level 16.4 Maces & Flails
 - Level 11.5 Armour
 + Level 18.0 Dodging
 - Level 8.2 Stealth
 + Level 19.9 Shields
 - Level 12.1 Invocations
 - Level 8.1 Evocations


You had 20 spell levels left.
You didn't know any spells.

Dungeon Overview and Level Annotations

Branches:
Dungeon (15/15)            Temple (0/1) D:6            Lair (6/6) D:8
  Swamp (4/4) Lair:3        Snake (4/4) Lair:4        Slime (0/5) Lair:6
    Orc (2/2) D:12            Elf (3/3) Orc:2        Vaults (4/5) D:14
  Crypt (0/3) Vaults:3     Depths (0/5) D:15

Altars:
Ashenzari
Dithmenos
Elyvilon
Fedhas
Hepliaklqana
Makhleb
Nemelex Xobeh
Okawaru
Qazlal
Sif Muna
Xom
Yredelemnul
Zin
The Shining One
Beogh
Jiyva

Shops:
D:10 *   Orc:1 ?   Orc:2 !?[%   Snake:1 ==}   Vaults:1 =


Innate Abilities, Weirdness & Mutations

You reflexively headbutt those who attack you in melee.
You have a pair of horns on your head.
You have sharp toenails.
Your mind is acute. (Int +2)


Message History

You hear a screech!
You hear a shout!
The vault sentinel drinks a potion.
The vault sentinel seems to speed up.
The vault sentinel shoots a bolt.
You reflect the bolt off an invisible shield around you!
The bolt closely misses the vault sentinel.
The fire giant gestures at you while chanting.
The fireball explodes!
The fireball engulfs you! The fire burns you terribly!
* * * LOW HITPOINT WARNING * * *
The vault sentinel shoots a bolt.
You reflect the bolt off an invisible shield around you!
The bolt hits the vault sentinel!
The vault sentinel shoots a bolt.
The bolt completely misses you.
The vault sentinel blows a loud note on a signal horn!
You hear an angry hiss.
The vault sentinel casts a spell at you.
A sentinel's mark forms upon you.
The vault sentinel blows a loud note on a signal horn!
The fire giant points at you and mumbles some strange words.
The bolt of fire hits you! The fire burns you terribly!
You die...

######## #......# ...#
#......# #...#
#......#############...#
#....^.#....)......#...#
#......@..)).......#...#
#...)..#..###.###..#...#
#.[<[..#.)#(....#..#...#
#.))[..#..#..(..#..'...#
#..[...#.....#.....#)..#
#......#C.#.....#p.#...#
#......#.C#....(#..#...#
########p.###.###..#o..#
#....p......#...#


You could see a fire giant, an ettin and a vault sentinel.

Vanquished Creatures
  Mara (Vaults:3)
  Saint Roka (Elf:2)
  Xtahua (Vaults:3)
  Nikola (Snake:4)
  Jorgrun (Snake:4)
  A Cloud Mage (WizLab)
  Rupert (Snake:1)
  2 deep elf blademasters
  A deep elf master archer (Elf:3)
  A sphinx (Vaults:4)
  Frances (D:12)
  Kirke (Lair:5)
  Gastronok (D:8)
  A shadow dragon (Vaults:2)
  4 thorn hunters
  A tengu reaver (Vaults:2)
  Donald (Snake:4)
  A storm dragon (Vaults:2)
  14 nagarajas
  2 frost giants
  2 fire giants (Vaults:2)
  3 orc warlords
  5 vault wardens
  4 deep elf sorcerers
  Aizul (Vaults:2)
  A deep elf elementalist (Elf:3)
  6 very ugly things
  5 ironheart preservers
  4 deep elf demonologists (Elf:3)
  4 stone giants
  A vampire knight (Vaults:3)
  Azrael (Orc:2)
  2 halazid warlocks (Desolation)
  2 deep elf annihilators (Elf:3)
  3 deep elf death magi (Elf:3)
  A minotaur (Lab)
  An ettin (D:13)
  12 ogre magi
  2 blizzard demons (WizLab)
  2 ragged hierophants (Desolation)
  2 fire dragons
  A deep elf high priest (Elf:3)
  A great orb of eyes (Vaults:2)
  4 yaktaur captains
  12 vault guards
  6 ice dragons
  A rakshasa (Vaults:3)
  Harold (Lair:4)
  12 naga warriors
  3 peacekeepers (Desolation)
  2 ghost crabs
  2 servants of whispers (Desolation)
  21 hydras
  4 spriggan air magi (WizLab)
  12 anacondas
  2 catoblepae
  43 two-headed ogres
  7 centaur warriors
  4 alligators
  3 death knights
  22 dancing weapons
  4 death yaks (Lair:4)
  5 orc high priests (Orc:2)
  A deep troll earth mage (Vaults:2)
  9 shock serpents
  A titan zombie (Vaults:4)
  A vampire mage (Vaults:2)
  Nergalle (Lair:1)
  9 naga sharpshooters
  Sonja (Orc:2)
  17 deep elf knights
  4 salamander mystics
  4 shadow wraiths (Vaults:2)
  A small abomination (Elf:3)
  2 deep trolls (Vaults:2)
  A sea snake (Snake:4)
  2 unseen horrors (Vaults:1)
  4 wizards
  3 death drakes (WizLab)
  7 naga ritualists
  2 glowing orange brains
  2 lindwurms (Lair:4)
  A tengu zombie (Vaults:4)
  2 flayed ghosts
  A phantasmal warrior (Vaults:3)
  5 harpies (Vaults:2)
  6 deep elf archers
  6 swamp dragons
  31 deep elf magi
  6 mana vipers
  9 ironbrand convokers
  A stone giant zombie (Vaults:4)
  13 orc knights
  A necromancer (Vaults:4)
  3 manticores
  An oklob plant (Lair:2)
  8 orc sorcerers
  16 ugly things
  5 cyclopes
  2 wolf spiders (Vaults:2)
  9 salamanders
  38 black mambas
  14 elephants
  Maurice (D:12)
  An apocalypse crab (WizLab)
  7 vault sentinels
  An ice statue (Swamp:2)
  16 naga magi
  3 guardian serpents
  Psyche (D:12)
  A spiny frog (shapeshifter) (Elf:1)
  A torpor snail (Lair:5)
  34 spiny frogs
  A human zombie (Vaults:4)
  6 centaur skeletons
  4 gargoyles
  6 freezing wraiths
  8 komodo dragons
  3 rime drakes
  3 kobold demonologists (D:15)
  18 yaktaurs
  3 meliai (Lair:4)
  3 tengu conjurers
  15 trolls
  A jumping spider (shapeshifter) (D:15)
  2 queen bees
  15 saltlings (Desolation)
  10 tyrant leeches
  A wind drake (WizLab)
  8 hornets
  30 blink frogs
  21 slime creatures
  6 hippogriffs
  3 bog bodies
  4 spriggans
  17 air elementals
  Eustachio (D:5)
  8 wraiths
  4 wyverns
  6 basilisks
  2 water elementals
  A golden eye (shapeshifter) (Vaults:2)
  6 fire elementals
  2 hogs (Lair:5)
  2 hungry ghosts (D:15)
  42 yaks
  21 vampire mosquitoes
  A hog (shapeshifter) (Elf:1)
  The ghost of Frank the Ducker, an amateur OpFi (D:3)
  Edmund (D:5)
  2 swamp worm simulacra (Swamp:4)
  11 wargs
  A steam dragon (Lair:4)
  5 insubstantial wisps
  2 acid dragons
  A soldier ant (shapeshifter) (Elf:1)
  17 swamp worms
  57 nagas
  A soldier ant (D:11)
  13 hydra simulacra (Swamp:4)
  14 water moccasins
  6 porcupines
  32 orc warriors
  4 swamp drakes
  An elf zombie (Vaults:4)
  4 sky beasts
  2 ice beasts (D:5)
  A black bear (D:12)
  An eye of draining (D:10)
  2 phantoms
  26 wolves
  12 centaurs
  3 necrophages
  34 ogres
  3 boggarts (Vaults:3)
  18 crocodiles
  5 big kobolds
  A gnoll sergeant (D:10)
  22 bullfrogs
  3 earth elementals
  A water moccasin zombie (D:10)
  2 scorpions
  60 killer bees
  6 wights
  7 howler monkeys
  7 electric eels
  5 crimson imps
  A bullfrog zombie (D:12)
  5 jellies
  A quasit (D:10)
  A human simulacrum (Vaults:3)
  2 centaur zombies
  A hound (shapeshifter) (Vaults:2)
  11 orc wizards
  45 orc priests
  2 bullfrog skeletons
  9 hounds
  4 iguanas
  A merfolk siren (Sewer)
  A hell rat (Lair:4)
  A merfolk avatar (Sewer)
  8 worker ants
  A hound zombie (D:11)
  A hound skeleton (D:7)
  2 worker ant zombies
  10 gnolls
  23 adders
  3 river rats
  6 shadow imps
  An ooze (D:4)
  4 swamp drake simulacra (Swamp:4)
  An adder skeleton (D:6)
  3 adder zombies
  4 worms (D:6)
  2 dart slugs
  8 leopard geckos
  92 orcs
  9 bats
  7 giant cockroaches
  7 goblins
  8 hobgoblins
  4 jackals (D:7)
  22 kobolds
  4 quokkas
  4 ball pythons
  A ball python skeleton (Ossuary)
  11 frilled lizards
  2 hobgoblin skeletons (Ossuary)
  A leopard gecko skeleton (D:4)
  An orc skeleton (Ossuary)
  A quokka skeleton (D:4)
  25 rats
  A crawling corpse (Elf:3)
  2 fungi (Lair:2)
  2 plants
1634 creatures vanquished.

Vanquished Creatures (collateral kills)
  A deep elf blademaster (Elf:3)
  A deep elf master archer (Elf:3)
  A deep elf demonologist (Elf:3)
  2 deep elf annihilators (Elf:3)
  3 deep elf death magi (Elf:3)
  A deep elf high priest (Elf:3)
  A dancing weapon (Elf:3)
  2 deep elf magi (Elf:3)
  A water elemental (Elf:3)
  A swamp worm simulacrum (Swamp:4)
  A swamp worm (Swamp:4)
  2 hydra simulacra (Swamp:4)
  An earth elemental (Elf:3)
  2 crawling corpses (Elf:3)
20 creatures vanquished.

Vanquished Creatures (others)
  Asterion (Vaults:2)
  2 azure jellies (Swamp:4)
  A stone giant (Vaults:3)
  A spark wasp (WizLab)
  A centaur warrior (Vaults:1)
  A shock serpent (WizLab)
  A tengu warrior (D:15)
  A naga sharpshooter (Snake:4)
  A deep elf knight (Elf:2)
  A naga ritualist (Snake:4)
  A cyclops (D:13)
  An apocalypse crab (WizLab)
  A guardian serpent (Desolation)
  A yaktaur (Vaults:2)
  3 saltlings (Desolation)
  5 humans (Lair:5)
  A naga (Snake:4)
  2 orc warriors
  An ogre (Vaults:4)
  3 centaurs
  2 orcs
  A briar patch (Swamp:4)
  13 fungi
  41 plants
87 creatures vanquished.

Grand Total: 1741 creatures vanquished

Notes
Turn   | Place    | Note
-------+----------+-------------------------------------------
     0 | D:1      | xccam the Minotaur Fighter began the quest for the Orb.
     0 | D:1      | Reached XP level 1. HP: 19/19 MP: 0/0
    76 | D:1      | Reached XP level 2. HP: 24/26 MP: 1/1
   513 | D:2      | Reached XP level 3. HP: 10/31 MP: 2/2
  1215 | D:3      | Reached XP level 4. HP: 29/39 MP: 3/3
  1482 | D:3      | Reached skill level 5 in Maces & Flails
  1509 | D:3      | Noticed Frank's ghost (amateur OpFi)
  1672 | D:3      | Killed Frank's ghost
  1672 | D:3      | Reached skill level 5 in Armour
  1672 | D:3      | Reached XP level 5. HP: 45/45 MP: 4/4
  2056 | D:3      | Reached XP level 6. HP: 39/51 MP: 5/5
  2264 | D:4      | Found a stormy altar of Qazlal.
  2434 | D:4      | Found a hazy altar of Hepliaklqana.
  2462 | D:4      | Found an iron altar of Okawaru.
  2465 | D:4      | Found a sparkling altar of Nemelex Xobeh.
  2728 | D:5      | Entered Level 5 of the Dungeon
  2729 | D:5      | Noticed an ice beast
  2731 | D:5      | Noticed Eustachio
  2735 | D:5      | Noticed an ice beast
  2750 | D:5      | Killed an ice beast
  2750 | D:5      | Reached XP level 7. HP: 54/57 MP: 6/6
  2800 | D:5      | Reached XP level 8. HP: 26/64 MP: 7/7
  2807 | D:5      | Noticed Edmund
  2808 | D:5      | Killed Eustachio
  2815 | D:5      | Killed Edmund
  2815 | D:5      | Reached skill level 10 in Maces & Flails
  3070 | D:5      | Found a shimmering altar of Xom.
  3071 | D:5      | Found a glowing golden altar of the Shining One.
  3075 | D:5      | Became a worshipper of the Shining One
  3593 | D:6      | Found a shattered altar of Ashenzari.
  3663 | D:6      | Found a staircase to the Ecumenical Temple.
  3782 | D:6      | Reached XP level 9. HP: 69/70 MP: 8/8
  4048 | D:6      | Found a glowing drain.
  4052 | Sewer    | Entered a sewer
  4707 | D:7      | Reached * piety under the Shining One
  4781 | D:7      | Found a sand-covered staircase.
  4812 | Ossuary  | Entered an ossuary
  4889 | Ossuary  | Reached ** piety under the Shining One
  4943 | Ossuary  | Reached skill level 10 in Armour
  5341 | D:7      | Found a basalt altar of Yredelemnul.
  5559 | D:7      | Found a deep blue altar of Sif Muna.
  5838 | D:7      | Found a white marble altar of Elyvilon.
  5893 | D:8      | Reached XP level 10. HP: 72/77 MP: 9/9
  5903 | D:8      | Found a shimmering altar of Xom.
  5982 | D:8      | Found a staircase to the Lair.
  6049 | D:8      | Noticed Gastronok
  6064 | D:8      | Killed Gastronok
  6083 | D:8      | Found a burning altar of Makhleb.
  6085 | D:8      | Found a glowing silver altar of Zin.
  6085 | D:8      | Noticed an angel
  6086 | D:8      | Noticed a cacodemon
  6329 | D:8      | Gained mutation: Your mind is acute. (Int +2) [potion of mutation]
  6329 | D:8      | Gained mutation: You have sharp toenails. [potion of mutation]
  6643 | D:8      | Found a shadowy altar of Dithmenos.
  7004 | D:9      | Reached *** piety under the Shining One
  7138 | D:9      | Noticed a two-headed ogre
  7148 | D:9      | Killed a two-headed ogre
  7265 | D:9      | Noticed a two-headed ogre
  7272 | D:9      | Killed a two-headed ogre
  7272 | D:9      | Reached XP level 11. HP: 65/82 MP: 10/10
  7595 | D:9      | Found a blossoming altar of Fedhas.
  8464 | D:10     | Entered Level 10 of the Dungeon
  8581 | D:10     | Got a fine marble ring
  8810 | D:10     | Noticed a two-headed ogre
  8815 | D:10     | Killed a two-headed ogre
  8815 | D:10     | Reached skill level 10 in Shields
  9033 | D:10     | Identified the ring "Zaocliwn" {Str+6 Stlth-} (You found it on level 10 of the Dungeon)
  9043 | D:10     | Found Ypeom's Assorted Antiques.
  9170 | D:11     | Noticed a two-headed ogre
  9189 | D:11     | Killed a two-headed ogre
  9189 | D:11     | Reached skill level 1 in Evocations
  9341 | D:11     | Noticed a two-headed ogre
  9341 | D:11     | Reached **** piety under the Shining One
  9346 | D:11     | Killed a two-headed ogre
  9372 | D:11     | Noticed a green ugly thing
  9386 | D:11     | Killed a green ugly thing
  9395 | D:11     | Noticed a two-headed ogre
  9401 | D:11     | Killed a two-headed ogre
  9476 | D:11     | Noticed a two-headed ogre
  9480 | D:11     | Killed a two-headed ogre
  9798 | Lair:1   | Entered Level 1 of the Lair of Beasts
  9808 | Lair:1   | Reached XP level 12. HP: 90/90 MP: 14/14
  9906 | Lair:1   | Reached skill level 4 in Fighting
  9926 | Lair:1   | Reached skill level 5 in Evocations
  9930 | Lair:1   | Found a labyrinth entrance.
  9939 | Lair:1   | Noticed Nergalle
  9963 | Lair:1   | Killed Nergalle
  9979 | Lab      | Entered a labyrinth
 10636 | Lab      | Noticed a minotaur
 10643 | Lab      | Killed a minotaur
 10647 | Lab      | Identified the Papyrus of Earthen Talismans
 10685 | Lair:1   | Reached skill level 5 in Fighting
 10765 | Lair:1   | Noticed a seven-headed hydra
 10773 | Lair:1   | Killed a seven-headed hydra
 11258 | Lair:2   | Found a white marble altar of Elyvilon.
 11302 | Lair:2   | Reached skill level 15 in Maces & Flails
 11314 | Lair:2   | Reached skill level 1 in Invocations
 11407 | Lair:2   | Reached skill level 6 in Fighting
 11432 | Lair:2   | Identified a scroll of acquirement
 11611 | Lair:2   | Noticed a six-headed hydra
 11616 | Lair:2   | Killed a six-headed hydra
 11790 | Lair:3   | Reached skill level 7 in Fighting
 11828 | Lair:3   | Reached XP level 13. HP: 95/105 MP: 16/16
 11870 | Lair:3   | Found a staircase to the Swamp.
 11902 | Lair:3   | Reached skill level 5 in Invocations
 12977 | Lair:4   | Noticed Harold
 12987 | Lair:4   | Killed Harold
 13448 | Lair:4   | Reached ***** piety under the Shining One
 13607 | Lair:4   | Reached skill level 8 in Fighting
 14105 | Lair:4   | Found a staircase to the Snake Pit.
 15258 | Lair:5   | Noticed Kirke
 15278 | Lair:5   | Killed Kirke
 15278 | Lair:5   | Reached skill level 9 in Fighting
 15278 | Lair:5   | Reached XP level 14. HP: 41/118 MP: 10/19
 15892 | Lair:5   | Reached skill level 1 in Dodging
 16073 | Lair:6   | Entered Level 6 of the Lair of Beasts
 16081 | Lair:6   | Reached skill level 1 in Stealth
 16251 | Lair:6   | Reached skill level 5 in Dodging
 16953 | Lair:6   | Found a viscous altar of Jiyva.
 16954 | Lair:6   | Found a staircase to the Slime Pits.
 17379 | Lair:6   | Got a warped glaive
 17380 | Lair:6   | Identified the +3 glaive of Perversion {freeze, *Noise rElec Dex+3} (You found it on level 6 of the Lair of Beasts)
 17708 | D:12     | Reached skill level 10 in Invocations
 17780 | D:12     | Noticed Frances
 17797 | D:12     | Killed Frances
 17797 | D:12     | Reached XP level 15. HP: 79/124 MP: 21/21
 18052 | D:12     | Found a staircase to the Orcish Mines.
 18102 | D:12     | Noticed Psyche
 18106 | D:12     | Killed Psyche
 18231 | D:12     | Noticed Maurice
 18240 | D:12     | Reached skill level 5 in Stealth
 18247 | D:12     | Killed Maurice
 18555 | Orc:1    | Entered Level 1 of the Orcish Mines
 18929 | Orc:1    | Found Heexoeck's Magic Scroll Shoppe.
 19044 | Orc:2    | Entered Level 2 of the Orcish Mines
 19171 | Orc:2    | Noticed Azrael
 19177 | Orc:2    | Noticed Sonja
 19185 | Orc:2    | Killed Azrael
 19229 | Orc:2    | Found a flickering gateway to a bazaar.
 19249 | Bazaar   | Entered a bazaar
 19271 | Bazaar   | Found Ynlenin's Food Shoppe.
 19271 | Bazaar   | Found Wittys's Magic Scroll Shoppe.
 19306 | Bazaar   | Found Adyrch's Antique Weapon Emporium.
 19306 | Bazaar   | Found Jasinir's Distillery.
 19518 | Orc:2    | Killed Sonja
 19586 | Orc:2    | Reached skill level 10 in Dodging
 19625 | Orc:2    | Found Ama Vyll's Antique Armour Shop.
 19625 | Orc:2    | Found Vaulluash's Food Shoppe.
 19663 | Orc:2    | Found a roughly hewn altar of Beogh.
 19702 | Orc:2    | Found Rimayrias's Distillery.
 19702 | Orc:2    | Found Vacvarut's Magic Scroll Shoppe.
 20001 | Orc:2    | Found a staircase to the Elven Halls.
 20215 | D:10     | Bought a polished plate armour for 812 gold pieces
 20215 | D:10     | Identified the cursed +0 plate armour of the Pits of Slime {+Fly Int+3} (You bought it in a shop on level 10 of the Dungeon)
 20359 | Swamp:1  | Entered Level 1 of the Swamp
 20379 | Swamp:1  | Got a bloodstained plate armour
 20380 | Swamp:1  | Identified the +8 plate armour of the Bruised Seas {+Blink rElec rF- Dex-3} (You found it on level 1 of the Swamp)
 20948 | Swamp:1  | Noticed a thorn hunter
 20959 | Swamp:1  | Killed a thorn hunter
 21093 | Swamp:1  | Reached skill level 10 in Fighting
 21766 | Swamp:2  | Reached ****** piety under the Shining One
 22676 | Swamp:3  | Reached skill level 11 in Fighting
 22687 | Swamp:3  | Noticed a thorn hunter
 22697 | Swamp:3  | Killed a thorn hunter
 22697 | Swamp:3  | Reached XP level 16. HP: 48/137 MP: 8/23
 23450 | Swamp:4  | Entered Level 4 of the Swamp
 23654 | Swamp:4  | Noticed a thorn hunter
 23670 | Swamp:4  | Killed a thorn hunter
 23707 | Swamp:4  | Noticed a thorn hunter
 23716 | Swamp:4  | Killed a thorn hunter
 24664 | Swamp:4  | Reached skill level 12 in Fighting
 24866 | Swamp:4  | Got a decaying rune of Zot
 25392 | Snake:1  | Entered Level 1 of the Snake Pit
 26278 | Snake:1  | Noticed Rupert
 26293 | Snake:1  | Killed Rupert
 26530 | Snake:1  | Found Lumper's Gadget Shop.
 26530 | Snake:1  | Found Ufuczoz's Jewellery Shoppe.
 26531 | Snake:1  | Found Sucawoc's Jewellery Shoppe.
 26537 | Snake:1  | Bought a +3 amulet of reflection for 188 gold pieces
 27030 | Snake:2  | Reached skill level 13 in Fighting
 28600 | Snake:3  | Reached skill level 14 in Fighting
 28610 | Snake:3  | Reached XP level 17. HP: 125/152 MP: 21/25
 28806 | Snake:4  | Entered Level 4 of the Snake Pit
 29157 | Snake:4  | Found a glowing silver altar of Zin.
 29372 | Snake:4  | Found a runed gate.
 29372 | Snake:4  | Found a runed gate.
 29372 | Snake:4  | Found a runed gate.
 29502 | Snake:4  | Got a twitching turquoise ring
 29503 | Snake:4  | Identified the ring "Beuw" {rElec rPois AC+2} (You found it on level 4 of the Snake Pit)
 29562 | Snake:4  | Noticed Donald
 29577 | Snake:4  | Killed Donald
 29639 | Snake:4  | Noticed Jorgrun
 29652 | Snake:4  | Killed Jorgrun
 29653 | Snake:4  | Reached skill level 15 in Fighting
 29777 | Snake:4  | Reached skill level 15 in Shields
 29864 | Snake:4  | Noticed Nikola
 29896 | Snake:4  | Killed Nikola
 30313 | Snake:4  | Reached skill level 16 in Fighting
 30967 | Snake:4  | Got a serpentine rune of Zot
 31246 | Snake:4  | Reached XP level 18. HP: 137/168 MP: 26/26
 31698 | D:13     | Reached skill level 17 in Fighting
 32128 | D:13     | Found a transporter.
 32136 | D:13     | Found a roughly hewn altar of Beogh.
 32184 | D:13     | Found a transporter.
 32702 | D:14     | Found a gate to the Vaults.
 32933 | D:15     | Entered Level 15 of the Dungeon
 33143 | D:15     | Reached skill level 18 in Fighting
 33690 | D:15     | Found a staircase to the Depths.
 34252 | Elf:1    | Entered Level 1 of the Elven Halls
 34283 | Elf:1    | Found a ruined gateway.
 34305 | Desolati | Entered the Desolation of Salt
 34434 | Desolati | Found the +8 glaive of the Guard {elec, +Rage AC+5 SInv}
 34439 | Desolati | Got a warped ivory ring
 34442 | Desolati | Identified the ring of Giboeps {rCorr rN+ SInv Stlth-} (You found it in the Desolation of Salt)
 35273 | Elf:1    | Reached skill level 15 in Dodging
 35287 | Elf:1    | Reached XP level 19. HP: 181/181 MP: 27/27
 35459 | Elf:2    | Reached skill level 19 in Fighting
 35632 | Elf:2    | Found a runed gate.
 35633 | Elf:2    | Found a runed gate.
 35642 | Elf:2    | Found a runed gate.
 35714 | Elf:2    | Found a magical portal.
 35733 | WizLab   | Entered The Chambers of the Cloud Mage
 36491 | WizLab   | Noticed Ynoch
 36502 | WizLab   | Killed Ynoch the Cloud Mage
 36531 | WizLab   | Identified the Compendium of Weightlessness
 37368 | Elf:2    | Noticed Saint Roka
 37393 | Elf:2    | Killed Saint Roka
 37410 | Elf:2    | Reached skill level 20 in Fighting
 37640 | Elf:3    | Entered Level 3 of the Elven Halls
 38514 | Elf:3    | Got a tiger eye-encrusted plate armour
 38517 | Elf:3    | Got a slimy steel amulet
 38518 | Elf:3    | Identified the amulet "Coocw" {Spirit rElec Int+4 Dex+4 Slay-5} (You found it on level 3 of the Elven Halls)
 38519 | Elf:3    | Identified the +6 plate armour "Cutycsoi" {rN+} (You found it on level 3 of the Elven Halls)
 39073 | Vaults:1 | Entered Level 1 of the Vaults
 39150 | Vaults:1 | Reached XP level 20. HP: 174/192 MP: 26/28
 39304 | Vaults:1 | Found a shimmering altar of Xom.
 39648 | Vaults:1 | Found Wuab's Jewellery Boutique.
 39880 | Vaults:1 | Reached skill level 21 in Fighting
 40177 | Vaults:2 | Noticed Aizul
 40184 | Vaults:2 | Killed Aizul
 40581 | Vaults:2 | Noticed Asterion
 40608 | Vaults:2 | Killed Asterion
 40624 | Vaults:2 | The Shining One protects you from harm!
 41525 | Vaults:2 | Reached skill level 22 in Fighting
 41662 | Vaults:2 | Found the +4 moon troll leather armour {Spirit, Regen++ MP+5}
 41917 | Vaults:2 | Identified Biri's Incunabulum of the Shifting Voyage
 42390 | Vaults:2 | Reached XP level 21. HP: 206/209 MP: 29/29
 42641 | Vaults:3 | Noticed Mara
 42658 | Vaults:3 | Noticed xccam's illusion
 42677 | Vaults:3 | Killed Mara
 42920 | Vaults:3 | Found a staircase to the Crypt.
 43144 | Vaults:3 | Reached skill level 23 in Fighting
 44383 | Vaults:4 | Noticed Xtahua
 44422 | Vaults:3 | Killed Xtahua
 45140 | Vaults:4 | The Shining One protects you from harm!
 45150 | Vaults:4 | Killed from afar by a fire giant

Skill      XL: |  1  2  3  4  5  6  7  8  9 10 11 12 13 14 15 16 17 18 19 20 21 |
---------------+----------------------------------------------------------------+-----
Maces & Flails | 3 4 6 7 9 11 13 14 15 16 | 16.4
Armour         | 4 5 6 7 9 10 11 | 11.5
Shields        | 7 12 13 14 15 17 18 19 | 19.9
Evocations     | 4 6 8 |  8.1
Fighting       | 7 9 11 14 16 18 20 22 23 | 23.5
Invocations    | 4 8 10 11 12 | 12.1
Dodging        | 8 11 12 13 15 16 17 18 | 18.0
Stealth        | 4 7 8 |  8.2

Action                   |  1- 3 |  4- 6 |  7- 9 | 10-12 | 13-15 | 16-18 | 19-21 || total
-------------------------+-------+-------+-------+-------+-------+-------+-------++-------
Melee: Flail             |    38 |       |   265 |   562 |  1182 |       |       ||  2047
       Headbutt          |    15 |    20 |    49 |   131 |   336 |   363 |   407 ||  1321
       Whip              |    67 |   127 |    60 |       |       |       |       ||   254
       Kick              |       |       |       |   186 |   540 |   344 |       ||  1070
       Unarmed           |       |       |       |       |     1 |       |       ||     1
       Morningstar       |       |       |       |       |   190 |  1243 |  1242 ||  2675
Invok: Divine Shield     |       |       |       |     7 |    11 |    22 |    28 ||    68
       Cleansing Flame   |       |       |       |       |    16 |    22 |    25 ||    63
       Summon Divine War |       |       |       |       |       |     1 |     2 ||     3
 Abil: Evoke Berserk Rag |       |       |       |       |       |     1 |       ||     1
       Evoke Blink       |       |       |       |       |       |     1 |       ||     1
Evoke: Wand              |       |       |       |     4 |     1 |     1 |     3 ||     9
  Use: Scroll            |     8 |     3 |     5 |     7 |    15 |    17 |     8 ||    63
       Potion            |       |     3 |     9 |    10 |     2 |     5 |     3 ||    32
  Eat: Chunk             |       |     6 |     9 |     8 |    17 |    20 |    23 ||    83
       Ration            |       |       |       |     4 |     7 |     8 |     5 ||    24
Armor: Scale mail        |    49 |    11 |       |       |       |       |       ||    60
       Chain mail        |       |    28 |    78 |       |       |       |       ||   106
       Plate armour      |       |       |    41 |   279 |   593 |    53 |    23 ||   989
       Fire dragon scale |       |       |       |       |       |   159 |   157 ||   316
Dodge: Dodged            |    22 |    18 |    43 |   137 |   397 |   404 |   430 ||  1451
Block: Shield            |    53 |    37 |   104 |   390 |  1035 |  1121 |  1185 ||  3925
       Reflection        |       |       |       |       |       |   107 |    68 ||   175
